[Event "41st Jacques-Lemans-Open 2022"]
[Site "St. Veit/Glan"]
[Date "2022.07.09"]
[Round "1.1"]
[White "Hechl, Fabian"]
[Black "Bosiocic, Marin"]
[Result "0-1"]
[ECO "B33"]
[WhiteElo "1991"]
[BlackElo "2549"]
[Annotator "TA"]
[PlyCount "62"]
[EventDate "2022.07.09"]
[EventType "swiss"]
[EventCountry "AUT"]
[SourceTitle "playchess.com"]
[Source "ChessBase"]
[SourceQuality "1"]
[TimeControl "40/5400+30:1800+30"]

1. e4 c5 2. Nf3 Nc6 3. d4 cxd4 4. Nxd4 Nf6 5. Nc3 e5 6. Ndb5 d6 7. Bg5 a6 8. Na3 b5 9. Nd5 Be7 10. Bxf6 Bxf6 11. c4 b4 12. Nc2 a5 {[%emt 0:00:13] 12...0-0 might become the main line.} 13. g3 {[%emt 0:00:08] B33: Sicilian: Pelikan and Sveshnikov Variations.} O-O 14. h4 Be6 15. Bh3 {[%emt 0:00:33] The position is equal.} Ra6 16. Kf1 g6 {[%emt 0:00:37] [#]} 17. h5 $146 ({Predecessor:} 17. Qd3 Ra7 18. Kg2 Bg7 19. Rad1 Kh8 20. h5 gxh5 21. Bf5 Bxf5 22. exf5 Qg5 23. Rh4 {1-0 (31) Reuker,J (2334)-Mueer,S (2253) Bremen 2017}) 17... Bg7 18. Kg2 Nb8 (18... Ra7 $11) 19. Nce3 {[%emt 0:12:52] Pair of Knights!} Nd7 20. hxg6 hxg6 21. Qf3 Nc5 22. Rh2 Ra7 23. Rah1 $1 {[%emt 0:01:16][%cal Oe3f5] Nf5! is the strong threat.} Bxd5 24. Nxd5 Qg5 {[%emt 0:01:17] [#]} 25. Qe2 (25. Bg4 $6 f5 26. exf5 gxf5 $11) (25. Ne3 $1 $16) 25... f5 $11 26. exf5 gxf5 27. f4 $2 (27. Kf1 $11) 27... exf4 $17 28. Nxf4 Be5 $36 {[%emt 0:00:38][%mdl 2048] Black is in control.} 29. Qf3 Ne4 {[%emt 0:02:41] White must now prevent ...Rg7. Black is more active.} (29... Bxb2 30. Qd5+ Rff7 {[#]} 31. Bg4 $1 $16) 30. Rd1 $2 (30. Re1 $17 {might work better.} Re7 31. Rhh1 (31. Bxf5 $2 Qxg3+ 32. Qxg3+ Nxg3 $17)) 30... Rg7 $19 {[%emt 0:01:10] And now ...Bxf4 would win.} ({Don't take} 30... Bxb2 31. Ne6 Qxg3+ 32. Qxg3+ Nxg3 33. Nxf8 (33. Kxg3 Be5+ 34. Nf4 Rc7 $16) 33... Kxf8 34. Rxd6 $18 (34. Kxg3 Be5+ 35. Kg2 Bxh2 $16)) 31. Rd3 $2 (31. Nh5 Rh7 32. Nf4) 31... Bxf4 {[%emt 0:00:50] Weighted Error Value: White=0.61/Black=0.08 (flawless)} 0-1

[Event "41st Jacques-Lemans-Open 2022"]
[Site "St. Veit/Glan"]
[Date "2022.07.09"]
[Round "1.2"]
[White "Rogic, Davor"]
[Black "Miazhynski, Michael"]
[Result "1-0"]
[ECO "B15"]
[WhiteElo "2474"]
[BlackElo "1994"]
[Annotator "RC"]
[PlyCount "77"]
[EventDate "2022.07.09"]
[EventType "swiss"]
[EventCountry "AUT"]
[SourceTitle "playchess.com"]
[Source "ChessBase"]
[SourceQuality "1"]
[TimeControl "40/5400+30:1800+30"]

1. e4 c6 2. d4 d5 3. Nd2 dxe4 4. Nxe4 Nf6 5. Nxf6+ exf6 6. c3 Bd6 7. Bd3 Na6 8. Qc2 h5 9. Be3 Nc7 10. Ne2 h4 11. h3 Nd5 12. Bd2 Be6 13. a3 b5 14. b3 a6 15. c4 Ne7 16. a4 bxc4 17. bxc4 Qd7 18. Rb1 O-O 19. a5 Rfb8 20. Bc3 Rxb1+ 21. Qxb1 Rb8 22. Qc2 Bf5 23. Bxf5 Qxf5 24. Qxf5 Nxf5 25. Kd2 Bc7 26. Ra1 Nd6 27. Kd3 f5 28. f3 f6 29. Nc1 Kf7 30. Na2 c5 31. dxc5 Nb7 32. c6 Nc5+ 33. Kc2 Be5 34. Nb4 Ke6 35. Re1 f4 36. Nd5 Kd6 37. c7 Rc8 38. Bb4 g5 39. Rd1 1-0

[Event "41st Jacques-Lemans-Open 2022"]
[Site "St. Veit/Glan"]
[Date "2022.07.09"]
[Round "1.3"]
[White "Missethan, Michael"]
[Black "Bauer, Sebastian"]
[Result "0-1"]
[ECO "C47"]
[WhiteElo "1991"]
[BlackElo "2380"]
[Annotator "RC"]
[PlyCount "120"]
[EventDate "2022.07.09"]
[EventType "swiss"]
[EventCountry "AUT"]
[SourceTitle "playchess.com"]
[Source "ChessBase"]
[SourceQuality "1"]
[TimeControl "40/5400+30:1800+30"]

1. e4 e5 2. Nf3 Nc6 3. Nc3 Nf6 4. d4 exd4 5. Nxd4 Bc5 6. Nxc6 bxc6 7. Bd3 O-O 8. O-O Re8 9. Bg5 h6 10. Bh4 Bd4 11. Re1 Rb8 12. Rb1 d6 13. Qd2 g5 14. Bg3 Nh5 15. Be2 Bxc3 16. Qxc3 Nxg3 17. hxg3 Bd7 18. Bc4 Qe7 19. Qd4 c5 20. Qc3 Rb4 21. a3 Rb6 22. b3 Qe5 23. Qxe5 Rxe5 24. f3 Kg7 25. Kf2 a5 26. a4 Re8 27. Rbd1 Be6 28. Bxe6 fxe6 29. Rd3 Reb8 30. Rc3 e5 31. Rc4 Rb4 32. Rxb4 Rxb4 33. Re3 Kf6 34. Rc3 Ke6 35. Ke3 c6 36. Kd3 Rb8 37. Ke3 h5 38. Kf2 g4 39. f4 exf4 40. gxf4 Rb4 41. Rc4 h4 42. Ke3 d5 43. Rxc5 Rxe4+ 44. Kd3 Rxf4 45. Rxc6+ Kf5 46. Ke3 d4+ 47. Ke2 g3 48. Rh6 Rf2+ 49. Kd3 Kg5 50. Rh8 Rxg2 51. Rg8+ Kf5 52. Rf8+ Kg4 53. Rg8+ Kh3 54. c4 dxc3 55. Kxc3 Rf2 56. b4 Rf3+ 57. Kc4 Rf4+ 58. Kb5 Rxb4+ 59. Kxa5 Rb1 60. Ka6 g2 0-1

[Event "41st Jacques-Lemans-Open 2022"]
[Site "St. Veit/Glan"]
[Date "2022.07.09"]
[Round "1.4"]
[White "Fahrner, Kurt"]
[Black "Hofbauer, Peter"]
[Result "1/2-1/2"]
[ECO "A20"]
[WhiteElo "2331"]
[BlackElo "1986"]
[Annotator "RC"]
[PlyCount "178"]
[EventDate "2022.07.09"]
[EventType "swiss"]
[EventCountry "AUT"]
[SourceTitle "playchess.com"]
[Source "ChessBase"]
[SourceQuality "1"]
[TimeControl "40/5400+30:1800+30"]

1. c4 e5 2. g3 c6 3. d4 exd4 4. Qxd4 d5 5. Bg2 Be6 6. Nf3 dxc4 7. Qxd8+ Kxd8 8. Ng5 Bb4+ 9. Bd2 Bxd2+ 10. Kxd2 Nd7 11. Nxe6+ fxe6 12. Na3 Nb6 13. Rhc1 Ke7 14. Nxc4 Rd8+ 15. Ke1 Nxc4 16. Rxc4 Nf6 17. b4 a6 18. a4 Rd7 19. b5 cxb5 20. axb5 axb5 21. Rc5 b4 22. Rb5 Nd5 23. Bxd5 exd5 24. Rxb4 Rc8 25. Rab1 Rcc7 26. Kd2 Kd8 27. Kd3 Kc8 28. Rb5 Rc6 29. Ra1 b6 30. Ra4 Kb7 31. Rh4 g6 32. Rhb4 Kc7 33. Rb2 Rdd6 34. Ra2 Kb7 35. Kd4 Rc4+ 36. Ke5 Rd8 37. Rxd5 Re8+ 38. Kf6 Rf8+ 39. Kg5 Rxf2 40. Rd7+ Kc6 41. Rxh7 Re4 42. Rc2+ Kd6 43. Kxg6 Rg4+ 44. Kh5 Rxh2+ 45. Kxg4 Rxh7 46. Kf4 b5 47. g4 b4 48. g5 b3 49. Rb2 Rf7+ 50. Ke4 Rb7 51. Kd4 Rb4+ 52. Kc3 Rg4 53. Kxb3 Rxg5 54. Kc4 Rg4+ 55. Kd3 Ke5 56. Rb5+ Ke6 57. Rc5 Rh4 58. Rg5 Ra4 59. Rg6+ Ke5 60. Rg5+ Ke6 61. Rh5 Rb4 62. Rh8 Ra4 63. Re8+ Kd5 64. Ke3 Ra7 65. Re4 Ra8 66. Re7 Rb8 67. Rf7 Ke5 68. Kf3 Rb4 69. Re7+ Kf5 70. Ra7 Ke5 71. Ra5+ Ke6 72. Ra3 Rb5 73. Re3+ Kf5 74. Re8 Ra5 75. Rf8+ Ke5 76. Re8+ Kf5 77. e4+ Kf6 78. Rf8+ Ke6 79. Rh8 Ra1 80. Re8+ Kf6 81. Kf4 Rf1+ 82. Ke3 Re1+ 83. Kd2 Ra1 84. Kc3 Rc1+ 85. Kd4 Rd1+ 86. Kc5 Rc1+ 87. Kd6 Rd1+ 88. Kc7 Rc1+ 89. Kd8 Ra1 1/2-1/2

[Event "41st Jacques-Lemans-Open 2022"]
[Site "St. Veit/Glan"]
[Date "2022.07.09"]
[Round "1.5"]
[White "Kobas, Mihael"]
[Black "Praznik, Niko"]
[Result "0-1"]
[ECO "A40"]
[WhiteElo "1983"]
[BlackElo "2325"]
[Annotator "RC"]
[PlyCount "72"]
[EventDate "2022.07.09"]
[EventType "swiss"]
[EventCountry "AUT"]
[SourceTitle "playchess.com"]
[Source "ChessBase"]
[SourceQuality "1"]
[TimeControl "40/5400+30:1800+30"]

1. d4 g6 2. c4 Bg7 3. Nf3 d6 4. g3 Nc6 5. Bg2 e5 6. dxe5 dxe5 7. Qxd8+ Nxd8 8. Nc3 c6 9. e3 Bf5 10. b3 Ne6 11. e4 Bg4 12. h3 Bxf3 13. Bxf3 Nd4 14. Bd1 Nf6 15. Be3 Nd7 16. O-O Nc5 17. b4 Nce6 18. Rb1 h5 19. h4 Bh6 20. Bxh6 Rxh6 21. f4 f6 22. b5 Nc5 23. bxc6 bxc6 24. fxe5 fxe5 25. Bf3 Rh8 26. Bg2 Ke7 27. Rf2 Rhf8 28. Rxf8 Rxf8 29. Rf1 Rb8 30. Rb1 Rxb1+ 31. Nxb1 Kd6 32. Kf2 Nd3+ 33. Ke3 Nb2 34. Bf1 Kc5 35. Nd2 Kb4 36. Bd3 Nd1# 0-1

[Event "41st Jacques-Lemans-Open 2022"]
[Site "St. Veit/Glan"]
[Date "2022.07.09"]
[Round "1.6"]
[White "Schernthaner, David"]
[Black "Bratko, Alexander"]
[Result "1-0"]
[ECO "E35"]
[WhiteElo "2319"]
[BlackElo "1982"]
[Annotator "RC"]
[PlyCount "91"]
[EventDate "2022.07.09"]
[EventType "swiss"]
[EventCountry "AUT"]
[SourceTitle "playchess.com"]
[Source "ChessBase"]
[SourceQuality "1"]
[TimeControl "40/5400+30:1800+30"]

1. d4 Nf6 2. c4 e6 3. Nc3 Bb4 4. Qc2 d5 5. cxd5 exd5 6. Bg5 O-O 7. e3 h6 8. Bh4 c6 9. Bd3 Re8 10. Nf3 Nbd7 11. O-O b6 12. a3 Bxc3 13. Qxc3 Bb7 14. b4 Qc8 15. Nd2 Ba6 16. Rfc1 Bxd3 17. Qxd3 Qb7 18. Rc2 Ne4 19. Rac1 Re6 20. Nxe4 dxe4 21. Qb3 Nf6 22. a4 Nd5 23. b5 cxb5 24. axb5 a5 25. bxa6 Rxa6 26. Rc8+ Kh7 27. R8c5 Rc6 28. h3 Rxc5 29. dxc5 b5 30. Rd1 Nf6 31. Rb1 Nd7 32. Qxf7 b4 33. Qc4 Qc6 34. Qxb4 Nxc5 35. Rc1 Nd3 36. Rxc6 Nxb4 37. Rc4 Ra1+ 38. Kh2 Nd3 39. Rxe4 Ra2 40. f3 h5 41. Rd4 Ne5 42. Kg3 Nf7 43. Rd7 Kg6 44. e4 Ne5 45. Rd6+ Kf7 46. Bg5 1-0

[Event "41st Jacques-Lemans-Open 2022"]
[Site "St. Veit/Glan"]
[Date "2022.07.09"]
[Round "1.7"]
[White "Holzmann, Herbert"]
[Black "Hresc, Vladimir"]
[Result "0-1"]
[ECO "A06"]
[WhiteElo "1979"]
[BlackElo "2308"]
[Annotator "RC"]
[PlyCount "72"]
[EventDate "2022.07.09"]
[EventType "swiss"]
[EventCountry "AUT"]
[SourceTitle "playchess.com"]
[Source "ChessBase"]
[SourceQuality "1"]
[TimeControl "40/5400+30:1800+30"]

1. Nf3 d5 2. c4 c6 3. e3 Nf6 4. Nc3 e6 5. b3 Bd6 6. cxd5 exd5 7. Bb2 O-O 8. Be2 Re8 9. d4 Nbd7 10. Qc2 Ne4 11. Nxe4 dxe4 12. Nd2 Nf6 13. h3 Be6 14. Nc4 Bb4+ 15. Bc3 Bf8 16. Bd2 Bd5 17. O-O Rc8 18. b4 Bxc4 19. Bxc4 Nd5 20. Rfc1 Qd7 21. Qb3 b5 22. Bxd5 cxd5 23. a3 Rc4 24. Rc2 Rec8 25. Rac1 R8c6 26. Rxc4 dxc4 27. Qc2 f5 28. Bc3 Ra6 29. Bb2 h5 30. Qe2 h4 31. f3 Qd5 32. fxe4 Qxe4 33. Qf3 Re6 34. Re1 Bd6 35. d5 Qxf3 36. gxf3 Rg6+ 0-1

[Event "41st Jacques-Lemans-Open 2022"]
[Site "St. Veit/Glan"]
[Date "2022.07.09"]
[Round "1.8"]
[White "Kruckenhauser, Arthur"]
[Black "Kuhn, Gerhard"]
[Result "1-0"]
[ECO "B10"]
[WhiteElo "2303"]
[BlackElo "1979"]
[Annotator "RC"]
[PlyCount "59"]
[EventDate "2022.07.09"]
[EventType "swiss"]
[EventCountry "AUT"]
[SourceTitle "playchess.com"]
[Source "ChessBase"]
[SourceQuality "1"]
[TimeControl "40/5400+30:1800+30"]

1. e4 c6 2. c4 d5 3. exd5 cxd5 4. cxd5 Nf6 5. Nc3 Nxd5 6. Nf3 e6 7. d4 Be7 8. Bd3 Nc6 9. O-O O-O 10. Re1 Nxc3 11. bxc3 b6 12. Be4 Bb7 13. Ne5 Rc8 14. Qh5 f5 15. Bxc6 Bxc6 16. Re3 Be8 17. Qd1 Rc7 18. Bb2 Qc8 19. Qb3 Bd6 20. Ba3 Bxe5 21. Bxf8 Bxd4 22. cxd4 Rc1+ 23. Re1 Rxa1 24. Rxa1 Kxf8 25. Qa3+ Kg8 26. Rc1 Qd7 27. Qc3 Kf8 28. h3 b5 29. Qc5+ Kf7 30. Qe5 1-0

[Event "41st Jacques-Lemans-Open 2022"]
[Site "St. Veit/Glan"]
[Date "2022.07.09"]
[Round "1.9"]
[White "Weichhart, Daniel"]
[Black "Huber, Benedikt"]
[Result "0-1"]
[ECO "E06"]
[WhiteElo "1965"]
[BlackElo "2289"]
[Annotator "RC"]
[PlyCount "60"]
[EventDate "2022.07.09"]
[EventType "swiss"]
[EventCountry "AUT"]
[SourceTitle "playchess.com"]
[Source "ChessBase"]
[SourceQuality "1"]
[TimeControl "40/5400+30:1800+30"]

1. d4 Nf6 2. c4 e6 3. Nf3 d5 4. g3 Be7 5. Bg2 O-O 6. O-O dxc4 7. Qc2 a6 8. a4 Bd7 9. Qxc4 Bc6 10. Bg5 Bd5 11. Qd3 c5 12. Nc3 Bc6 13. Rfd1 Qa5 14. dxc5 Nbd7 15. Qc4 Bxc5 16. Bd2 Qb6 17. Be1 Rac8 18. a5 Qd8 19. Nd4 Bxg2 20. Kxg2 Ne5 21. Qa4 Qe7 22. Rac1 Rc7 23. Nf3 Ned7 24. Ne4 Nxe4 25. Qxe4 Nf6 26. Qe5 Rfc8 27. Bc3 Qf8 28. Bb4 Nd5 29. Rxc5 Rxc5 30. Rc1 Nxb4 0-1

[Event "41st Jacques-Lemans-Open 2022"]
[Site "St. Veit/Glan"]
[Date "2022.07.09"]
[Round "1.10"]
[White "Sandhoefner, Florian"]
[Black "Stadlinger, Matthias"]
[Result "1-0"]
[ECO "C03"]
[WhiteElo "2289"]
[BlackElo "1975"]
[Annotator "RC"]
[PlyCount "55"]
[EventDate "2022.07.09"]
[EventType "swiss"]
[EventCountry "AUT"]
[SourceTitle "playchess.com"]
[Source "ChessBase"]
[SourceQuality "1"]
[TimeControl "40/5400+30:1800+30"]

1. e4 e6 2. d4 d5 3. Nd2 dxe4 4. Nxe4 Nf6 5. Nxf6+ gxf6 6. Nf3 Nc6 7. Be3 b6 8. Qd2 Bb7 9. O-O-O Qd7 10. Bh6 O-O-O 11. Bxf8 Rdxf8 12. Qf4 Nb4 13. a3 Nd5 14. Qd2 Rd8 15. g3 Ne7 16. Bg2 Nf5 17. c3 Qa4 18. Qc2 Qa5 19. Ne1 Bxg2 20. Nxg2 c5 21. d5 Qb5 22. dxe6 fxe6 23. Qe4 Kc7 24. Qxe6 Nd6 25. Ne3 Rhe8 26. Qxf6 Qb3 27. Rd2 Ne4 28. Qf4+ 1-0

[Event "41st Jacques-Lemans-Open 2022"]
[Site "St. Veit/Glan"]
[Date "2022.07.09"]
[Round "1.11"]
[White "Tonel, Giulia"]
[Black "Dotzer, Lukas"]
[Result "1-0"]
[ECO "B90"]
[WhiteElo "1969"]
[BlackElo "2269"]
[Annotator "RC"]
[PlyCount "49"]
[EventDate "2022.07.09"]
[EventType "swiss"]
[EventCountry "AUT"]
[SourceTitle "playchess.com"]
[Source "ChessBase"]
[SourceQuality "1"]
[TimeControl "40/5400+30:1800+30"]

1. e4 c5 2. Nf3 d6 3. d4 cxd4 4. Nxd4 Nf6 5. Nc3 a6 6. h3 e5 7. Nde2 b5 8. g4 Bb7 9. Bg2 b4 10. Nd5 Nxd5 11. exd5 Nd7 12. Be3 Qa5 13. O-O Nb6 14. a3 Nxd5 15. axb4 Nxe3 16. Rxa5 Nxg2 17. Qd3 Nh4 18. f4 f6 19. b5 e4 20. Qc4 Nf3+ 21. Rxf3 exf3 22. Nd4 Be7 23. bxa6 Be4 24. Qe6 d5 25. Nc6 1-0

[Event "41st Jacques-Lemans-Open 2022"]
[Site "St. Veit/Glan"]
[Date "2022.07.09"]
[Round "1.12"]
[White "Novosel, Lovro"]
[Black "Hengl, Philip"]
[Result "1-0"]
[ECO "D02"]
[WhiteElo "2255"]
[BlackElo "1968"]
[Annotator "RC"]
[PlyCount "43"]
[EventDate "2022.07.09"]
[EventType "swiss"]
[EventCountry "AUT"]
[SourceTitle "playchess.com"]
[Source "ChessBase"]
[SourceQuality "1"]
[TimeControl "40/5400+30:1800+30"]

1. Nf3 d5 2. d4 Nf6 3. c4 e6 4. g3 Bb4+ 5. Bd2 Be7 6. Bg2 O-O 7. O-O Nbd7 8. Qc2 Ne4 9. Bf4 c6 10. Nc3 g5 11. Bd2 f5 12. Rab1 a5 13. a3 b6 14. cxd5 cxd5 15. Nb5 Ba6 16. a4 Rc8 17. Qd3 h6 18. Rfc1 Rxc1+ 19. Rxc1 Qb8 20. Rc6 Nd6 21. Qe3 Kf7 22. Nc7 1-0

[Event "41st Jacques-Lemans-Open 2022"]
[Site "St. Veit/Glan"]
[Date "2022.07.09"]
[Round "1.13"]
[White "Erber, Siegfried"]
[Black "Caruso, Augusto"]
[Result "1/2-1/2"]
[ECO "C50"]
[WhiteElo "1967"]
[BlackElo "2132"]
[Annotator "NA RC"]
[PlyCount "41"]
[EventDate "2022.07.09"]
[EventType "swiss"]
[EventCountry "AUT"]
[SourceTitle "playchess.com"]
[Source "ChessBase"]
[SourceQuality "1"]
[TimeControl "40/5400+30:1800+30"]

1. e4 e5 2. Nf3 Nc6 3. Bc4 Nf6 4. d3 Bc5 5. c3 a6 6. O-O Ba7 7. Re1 d6 8. Bb3 O-O 9. Nbd2 Ne7 10. Nf1 Ng6 11. Be3 c6 12. Bxa7 Rxa7 13. d4 b5 14. Ng3 Qb6 15. h3 c5 16. Qd2 Re8 17. Rad1 exd4 18. cxd4 Rae7 19. Ng5 c4 20. Bc2 Qc7 21. f4 1/2-1/2

[Event "41st Jacques-Lemans-Open 2022"]
[Site "St. Veit/Glan"]
[Date "2022.07.09"]
[Round "1.14"]
[White "Windhager, Hannes"]
[Black "Galoic, David"]
[Result "1-0"]
[ECO "B52"]
[WhiteElo "2244"]
[BlackElo "1963"]
[Annotator "RC"]
[PlyCount "43"]
[EventDate "2022.07.09"]
[EventType "swiss"]
[EventCountry "AUT"]
[SourceTitle "playchess.com"]
[Source "ChessBase"]
[SourceQuality "1"]
[TimeControl "40/5400+30:1800+30"]

1. e4 c5 2. Nf3 d6 3. Bb5+ Bd7 4. Bxd7+ Qxd7 5. c4 e5 6. d3 Ne7 7. Nc3 h6 8. a3 Nbc6 9. O-O g6 10. Rb1 Bg7 11. b4 b6 12. Nd5 Nd4 13. Nxd4 Nxd5 14. Ne2 Ne7 15. Nc3 O-O 16. Bd2 f5 17. exf5 gxf5 18. Qh5 Kh7 19. Rfe1 Rf6 20. Bg5 Rg8 21. Bxf6 Bxf6 22. Qf7+ 1-0

[Event "41st Jacques-Lemans-Open 2022"]
[Site "St. Veit/Glan"]
[Date "2022.07.09"]
[Round "1.15"]
[White "Zaytsev, Alexander"]
[Black "Riemelmoser, Franz"]
[Result "0-1"]
[ECO "C01"]
[WhiteElo "1963"]
[BlackElo "2237"]
[Annotator "RC"]
[PlyCount "81"]
[EventDate "2022.07.09"]
[EventType "swiss"]
[EventCountry "AUT"]
[SourceTitle "playchess.com"]
[Source "ChessBase"]
[SourceQuality "1"]
[TimeControl "40/5400+30:1800+30"]

1. e4 e6 2. d4 d5 3. exd5 exd5 4. Bd3 Bd6 5. Nf3 Nf6 6. h3 O-O 7. O-O Nbd7 8. c3 a5 9. Re1 Re8 10. Nbd2 a4 11. Nf1 h6 12. Ne3 Bf8 13. Bb5 a3 14. b4 c6 15. Be2 Ne4 16. Qb3 Ndf6 17. Bxa3 Nh5 18. Bc1 Qf6 19. Ng4 Bxg4 20. hxg4 Nf4 21. Bxf4 Qxf4 22. Bd3 Bd6 23. Bxe4 dxe4 24. Ne5 Bxe5 25. dxe5 Qxg4 26. Qc4 Rxe5 27. Re3 Qe6 28. Qe2 b5 29. Qe1 f5 30. f3 Rxa2 31. Rxa2 Qxa2 32. fxe4 Qe6 33. Qf2 Rxe4 34. Rf3 Re2 35. Qg3 Re1+ 36. Kh2 Qe5 37. Rd3 Qxg3+ 38. Kxg3 Kf7 39. Rd6 Re6 40. Rd4 Kf6 41. c4 0-1

[Event "41st Jacques-Lemans-Open 2022"]
[Site "St. Veit/Glan"]
[Date "2022.07.09"]
[Round "1.16"]
[White "Moeller, Dustin"]
[Black "Buchegger, Fridolin"]
[Result "1-0"]
[ECO "E92"]
[WhiteElo "2237"]
[BlackElo "1961"]
[Annotator "RC"]
[PlyCount "70"]
[EventDate "2022.07.09"]
[EventType "swiss"]
[EventCountry "AUT"]
[SourceTitle "playchess.com"]
[Source "ChessBase"]
[SourceQuality "1"]
[TimeControl "40/5400+30:1800+30"]

1. d4 Nf6 2. c4 g6 3. Nc3 Bg7 4. e4 d6 5. Be2 O-O 6. Nf3 e5 7. Be3 Nc6 8. d5 Ne7 9. Nd2 Nd7 10. b4 f5 11. f3 Nf6 12. c5 Nh5 13. Nc4 Nf4 14. Bf1 fxe4 15. fxe4 h5 16. cxd6 cxd6 17. Nb5 Bg4 18. Qd2 Nc8 19. h3 Nxh3 20. gxh3 Bf3 21. Bg2 Qh4+ 22. Qf2 Qxe4 23. Nd2 Qxd5 24. Bxf3 Qxb5 25. Qe2 Qxb4 26. Rb1 Qh4+ 27. Bf2 Qf4 28. Bxb7 Nb6 29. Bxa8 Nxa8 30. Qc4+ Qxc4 31. Nxc4 d5 32. Nd2 Bh6 33. Bxa7 e4 34. Rf1 Rc8 35. Rb8 Nb6 1-0

[Event "41st Jacques-Lemans-Open 2022"]
[Site "St. Veit/Glan"]
[Date "2022.07.09"]
[Round "1.17"]
[White "Sovago, Philipp"]
[Black "Vojinov, Danijel"]
[Result "0-1"]
[ECO "E15"]
[WhiteElo "1940"]
[BlackElo "2201"]
[Annotator "RC"]
[PlyCount "58"]
[EventDate "2022.07.09"]
[EventType "swiss"]
[EventCountry "AUT"]
[SourceTitle "playchess.com"]
[Source "ChessBase"]
[SourceQuality "1"]
[TimeControl "40/5400+30:1800+30"]

1. d4 Nf6 2. c4 e6 3. Nf3 b6 4. g3 Bb7 5. Bg2 c5 6. d5 exd5 7. Nh4 g6 8. O-O Bg7 9. cxd5 O-O 10. Nc3 d6 11. e4 Re8 12. h3 a6 13. a4 Nbd7 14. f4 b5 15. axb5 axb5 16. Rxa8 Bxa8 17. Nxb5 Nxe4 18. Bxe4 Rxe4 19. Nf3 Nb6 20. Nc3 Bd4+ 21. Kh2 Bxc3 22. bxc3 Nxd5 23. Qd3 Qe7 24. Rf2 c4 25. Qc2 Bb7 26. Ng5 Re1 27. Nf3 Ne3 28. Qb1 Bxf3 29. Rxf3 Ng4+ 0-1

[Event "41st Jacques-Lemans-Open 2022"]
[Site "St. Veit/Glan"]
[Date "2022.07.09"]
[Round "1.18"]
[White "Bauer, Thomas"]
[Black "Elpons, Walter"]
[Result "1-0"]
[ECO "B53"]
[WhiteElo "2228"]
[BlackElo "1952"]
[Annotator "RC"]
[PlyCount "149"]
[EventDate "2022.07.09"]
[EventType "swiss"]
[EventCountry "AUT"]
[SourceTitle "playchess.com"]
[Source "ChessBase"]
[SourceQuality "1"]
[TimeControl "40/5400+30:1800+30"]

1. e4 c5 2. Nf3 d6 3. d4 cxd4 4. Qxd4 Nc6 5. Qe3 Nf6 6. Bd2 e6 7. Nc3 Be7 8. O-O-O O-O 9. Rg1 e5 10. h3 Be6 11. Ng5 d5 12. exd5 Nxd5 13. Nxe6 fxe6 14. Qe1 Qc7 15. Bc4 Rad8 16. Qe4 Nd4 17. Bxd5 exd5 18. Nxd5 Qc5 19. Nxe7+ Qxe7 20. c3 Qc5 21. Kb1 Nb5 22. Qe3 Qc6 23. f3 Nd6 24. Bc1 Nc4 25. Qe2 Qb5 26. Ka1 Qc5 27. Qe4 Qb5 28. b3 Na5 29. Qc2 Nc6 30. Ba3 Rfe8 31. Rge1 Qb6 32. Qe2 Qc7 33. Bb2 Qe7 34. Qe4 Qc5 35. Qe2 Qe7 36. Qf2 Qc7 37. Qc5 Qf7 38. Qe3 Qe7 39. Bc1 Qf7 40. Qe4 Qe7 41. Be3 Qf6 42. h4 h6 43. Bf2 Qe7 44. Kb2 Qf6 45. h5 Qf7 46. g4 Rf8 47. Rxd8 Rxd8 48. Be3 Qf6 49. Rg1 Qh4 50. g5 Qxe4 51. fxe4 Rd3 52. Re1 hxg5 53. Kc2 Rd7 54. Bxg5 Rf7 55. Rg1 Rf2+ 56. Kd3 Kf7 57. Bd2 Rh2 58. Rg5 Kf6 59. Rg6+ Kf7 60. Rg5 Kf6 61. Rf5+ Ke6 62. a4 Ne7 63. Rg5 Kf6 64. Be3 Rh3 65. Rg2 Rxh5 66. Bxa7 g5 67. Bb6 Rh8 68. b4 Ng6 69. Kc4 Rc8+ 70. Kb3 Nf4 71. Rg3 Rg8 72. Rg4 Rh8 73. a5 Ne6 74. Be3 Rh4 75. Bxg5+ 1-0

[Event "41st Jacques-Lemans-Open 2022"]
[Site "St. Veit/Glan"]
[Date "2022.07.09"]
[Round "1.19"]
[White "Rempe, Jonas"]
[Black "Manhardt, Thomas"]
[Result "0-1"]
[ECO "B32"]
[WhiteElo "1861"]
[BlackElo "2227"]
[Annotator "RC"]
[PlyCount "126"]
[EventDate "2022.07.09"]
[EventType "swiss"]
[EventCountry "AUT"]
[SourceTitle "playchess.com"]
[Source "ChessBase"]
[SourceQuality "1"]
[TimeControl "40/5400+30:1800+30"]

1. e4 c5 2. Nf3 Nc6 3. d4 cxd4 4. Nxd4 e5 5. Nb5 a6 6. Nd6+ Bxd6 7. Qxd6 Qf6 8. Qxf6 Nxf6 9. Nc3 Nb4 10. Bd3 d6 11. a3 Nxd3+ 12. cxd3 Be6 13. Bg5 Bb3 14. Rc1 Rc8 15. Kd2 Rc6 16. Bxf6 gxf6 17. Ne2 Kd7 18. Rc3 Be6 19. Rhc1 d5 20. f4 Kd6 21. Rxc6+ bxc6 22. f5 Bd7 23. Nc3 a5 24. Na4 Rb8 25. Rc2 Rb5 26. Nc3 Rb3 27. Na4 Rb5 28. Nc3 Rb8 29. Na4 d4 30. Kc1 Bc8 31. Kb1 Rb3 32. Nc5 Rb5 33. Na4 Ba6 34. Ka2 Bc8 35. b3 Ba6 36. Nb2 Rb8 37. Nc4+ Bxc4 38. bxc4 h5 39. Rb2 Rg8 40. Kb1 Kc7 41. Kc1 h4 42. Kd1 Rg5 43. Ke1 Rg4 44. Kf1 Rg8 45. c5 a4 46. Rb4 Ra8 47. Kf2 Ra5 48. Rc4 Kd7 49. Kf3 Rb5 50. Rxa4 Rxc5 51. Ra7+ Ke8 52. a4 Rc3 53. a5 Rxd3+ 54. Ke2 Ra3 55. a6 c5 56. Ra8+ Ke7 57. a7 c4 58. Rc8 Rxa7 59. Rxc4 Ra3 60. Rc7+ Kf8 61. Kd2 Re3 62. Ra7 Rxe4 63. Ra3 Rf4 0-1

[Event "41st Jacques-Lemans-Open 2022"]
[Site "St. Veit/Glan"]
[Date "2022.07.09"]
[Round "1.20"]
[White "Hechl, Gerald"]
[Black "Klausner, Felix"]
[Result "1-0"]
[ECO "B50"]
[WhiteElo "2222"]
[BlackElo "1943"]
[Annotator "RC"]
[PlyCount "51"]
[EventDate "2022.07.09"]
[EventType "swiss"]
[EventCountry "AUT"]
[SourceTitle "playchess.com"]
[Source "ChessBase"]
[SourceQuality "1"]
[TimeControl "40/5400+30:1800+30"]

1. e4 c5 2. Nf3 d6 3. d3 Nc6 4. g3 g6 5. Bg2 Bg7 6. O-O e6 7. c3 Nge7 8. d4 O-O 9. dxc5 dxc5 10. Qe2 Qc7 11. Na3 a6 12. Be3 b6 13. Rfd1 Bb7 14. Nc4 Rfd8 15. a4 Na7 16. Bf4 Qc6 17. Nfe5 Bxe5 18. Nxe5 Qc8 19. Rxd8+ Qxd8 20. Rd1 Qc8 21. Nd7 Qc6 22. Rd6 Qxa4 23. Nxb6 Qe8 24. Nxa8 Qxa8 25. Qd2 Nac6 26. Bg5 1-0